 Dungeon Crawl Stone Soup version 0.27.1-37-g7b29ead8ac (webtiles) character file.

Game seed: 16618947995125769597

1578819 AarnesTheHuman the Conqueror (level 27, 238/249 HPs)
             Began as a Barachi Summoner on June 27, 2023.
             Was the Champion of Cheibriados.
             Escaped with the Orb
             ... and 3 runes on Aug 23, 2023!
             The game lasted 06:12:11 (90574 turns).

AarnesTheHuman the Conqueror (Barachi Summoner)    Turns: 90574, Time: 06:12:12

Health: 238/249    AC: 30    Str: 35    XL:     27
Magic:  61/61      EV: 17    Int: 46    God:    Cheibriados [******]
Gold:   5542       SH: 21    Dex: 33    Spells: 8/74 levels left

rFire    + + +     SeeInvis +   a - +9 demon trident (vamp)
rCold    + + +     Faith    .   q - +4 kite shield "Quorchau" {rF+ Str-2 Dex+4}
rNeg     + . .     Spirit   .   L - +2 chain mail of Yesterday {rF++ rC+++ Str+2 Dex-3}
rPois    +         Reflect  .   k - +3 hat of Pondering {ponderous, Will+ MP+10 Int+5}
rElec    +         Harm     .   J - +2 cloak {Will+}
rCorr    +         Rampage  .   c - +2 pair of gloves {Str+3}
Will     ++++.                  H - +1 pair of boots of the King of the Hill {Drain rElec rPois rC++}
Stlth    ..........             Z - amulet of Nioti {rPois Regen+ rCorr Int+5 SInv}
HPRegen  1.51/turn              T - ring of wizardry
MPRegen  0.37/turn              d - ring of positive energy

@: studying Crossbows, very slow
A: amphibious, slowness 1, strong legs 2, +LOS, horns 1, agile 1, cold
resistance 1, sense surroundings 1, shaggy fur 1, strong 1, inability to read
while threatened
0: Orb of Zot
}: 3/15 runes: barnacled, silver, gossamer
a: Hop, Renounce Religion, Bend Time, Temporal Distortion, Slouch, Step From
Time


You escaped.
You worshipped Cheibriados.
Cheibriados was exalted by your worship.
You visited 10 branches of the dungeon, and saw 50 of its levels.
You also visited: Sewer, Bailey and Ice Cave.

You collected 10573 gold pieces.
You spent 5031 gold pieces at shops.

Inventory:

Hand Weapons
 a - a +9 vampiric demon trident (weapon)
 b - a +8 demon trident of electrocution
 Q - the +7 quarterstaff "Tizo" {speed, +Rage Fly rPois}
   (You found it on level 1 of the Lair of Beasts)

   Attacks with this weapon are significantly faster.
   rPois:     It protects you from poison.
   Fly:       It grants you flight.
   +Rage:     It lets you go berserk.
   Cheibriados disapproves of the use of such an item.
Missiles
 r - 22 silver javelins (quivered)
 y - 9 throwing nets
Armour
 c - a +2 pair of gloves of strength (worn)
 k - the +3 hat of Pondering (worn) {ponderous, Will+ MP+10 Int+5}
   (You took it off Gastronok on level 3 of the Lair of Beasts)

   Int:       It affects your intelligence (+5).
   MP:        It affects your magic capacity (+10).
   Will:      It increases your willpower.
 q - the +4 kite shield "Quorchau" (worn) {rF+ Str-2 Dex+4}
   (You took it off Asterion on level 3 of the Depths)

   Str:       It affects your strength (-2).
   Dex:       It affects your dexterity (+4).
   rF:        It protects you from fire.
 H - the +1 pair of boots of the King of the Hill (worn) {Drain rElec rPois rC++}
   (You bought it in a shop on level 2 of the Orcish Mines)

   rC:        It greatly protects you from cold.
   rElec:     It insulates you from electricity.
   rPois:     It protects you from poison.
   Drain:     It drains your maximum health when unequipped.
 J - a +2 cloak of willpower (worn)
 L - the +2 chain mail of Yesterday (worn) {rF++ rC+++ Str+2 Dex-3}
   (You found it on level 3 of the Lair of Beasts)

   Str:       It affects your strength (+2).
   Dex:       It affects your dexterity (-3).
   rF:        It greatly protects you from fire.
   rC:        It renders you almost immune to cold.
Jewellery
 d - a ring of positive energy (right hand)
 t - the ring of the Tortoise {AC+8}
   (You found it on level 4 of the Vaults)

   [ring of protection]

   AC:        It affects your AC (+8).
 P - a ring of willpower
 T - a ring of wizardry (left hand)
 X - the ring of Pride {rF+ Slay+4}
   (You found it on level 4 of the Depths)

   [ring of slaying]

   Slay:      It affects your accuracy & damage with ranged weapons and melee
   (+4).
   rF:        It protects you from fire.
 Z - the amulet of Nioti (around neck) {rPois Regen+ rCorr Int+5 SInv}
   (You took it off a deep elf elementalist on level 3 of the Elven Halls)

   [amulet of regeneration]

   Int:       It affects your intelligence (+5).
   rPois:     It protects you from poison.
   SInv:      It lets you see invisible.
   Regen:     It increases your rate of health regeneration.
   rCorr:     It protects you from acid and corrosion.
Wands
 e - a wand of digging (19)
 w - a wand of mindburst (78)
 A - a wand of charming (21)
 E - a wand of paralysis (32)
 F - a wand of flame (138)
 I - a wand of acid (36)
 V - a wand of iceblast (33)
Scrolls
 n - 5 scrolls of amnesia
 p - 3 scrolls of magic mapping
 s - 4 scrolls of enchant armour
 D - 5 scrolls of holy word
 G - 23 scrolls of teleportation
 K - 11 scrolls of fog
 M - 5 scrolls of silence
 N - 3 scrolls of blinking
 S - a scroll of summoning
 U - 6 scrolls of fear
Potions
 f - 18 potions of heal wounds
 g - 6 potions of brilliance
 h - 4 potions of resistance
 i - 32 potions of curing
 m - 5 potions of cancellation
 o - 10 potions of lignification
 u - 2 potions of invisibility
 z - 5 potions of magic
 B - 3 potions of mutation
 C - 15 potions of flight
 O - 9 potions of ambrosia
 Y - 4 potions of might


   Skills:
 O Level 27 Fighting
 - Level 14.0 Polearms
 + Level 16.7 Armour
 - Level 7.0 Dodging
 - Level 1.7 Stealth
 - Level 15.0 Shields
 - Level 24.0 Spellcasting
 - Level 17.2 Conjurations
 - Level 9.0 Summonings
 - Level 10.0 Necromancy
 - Level 6.0 Translocations
 - Level 11.0 Transmutations
 - Level 10.0 Air Magic
 - Level 11.0 Earth Magic
 - Level 5.0 Poison Magic
 - Level 16.0 Invocations


You had 8 spell levels left.
You knew the following spells:

 Your Spells              Type           Power      Damage    Failure   Level
a - Dispersal             Tloc           42%        N/A       4%          6
b - Summon Forest         Summ/Tloc      45%        N/A       1%          5
c - Ignite Poison         Fire/Tmut/Pois 81%        N/A       1%          3
d - Summon Lightning Spi  Summ/Air       97%        N/A       1%          4
e - Dragon Form           Tmut           51%        N/A       2%          7
f - Passage of Golubria   Tloc           N/A        N/A       1%          4
g - Borgnjor's Vile Clut  Necr/Erth      50%        N/A       1%          5
h - Blink                 Tloc           N/A        N/A       1%          2
i - Manifold Assault      Tloc           84%        N/A       1%          5
j - Poisonous Vapours     Pois/Air       100%       N/A       1%          2
k - Olgreb's Toxic Radia  Pois           79%        N/A       1%          4
l - Lee's Rapid Deconstr  Erth           51%        3d25*     1%          5
m - Frozen Ramparts       Ice            100%       1d12      1%          3
n - Irradiate             Conj/Tmut      55%        3d32      1%          5
o - Iron Shot             Conj/Erth      55%        9d10      1%          6

Your spell library contained the following spells:

 Spells                   Type           Power      Damage    Failure   Level
 Animate Skeleton         Necr           100%       N/A       0%          1
 Foxfire                  Conj/Fire      100%       2x1d9     0%          1
 Pain                     Necr           100%       1d9       0%          1
 Sandblast                Erth           100%       2d20      0%          1
 Summon Small Mammal      Summ           100%       N/A       0%          1
 Corpse Rot               Necr/Air       N/A        N/A       0%          2
 Passwall                 Tmut/Erth      85%        N/A       0%          2
 Sublimation of Blood     Necr           49%        N/A       0%          2
 Iskenderun's Battlesphe  Conj           100%       2d15      0%          5
 Apportation              Tloc           100%       N/A       1%          1
 Freeze                   Ice            100%       1d11      1%          1
 Call Imp                 Summ           95%        N/A       1%          2
 Ensorcelled Hibernation  Hex/Ice        100%       N/A       1%          2
 Call Canine Familiar     Summ           95%        N/A       1%          3
 Conjure Flame            Conj/Fire      94%        6-21      1%          3
 Dazzling Flash           Conj/Hex       100%       N/A       1%          3
 Inner Flame              Hex/Fire       53%        N/A       1%          3
 Lesser Beckoning         Tloc           42%        N/A       1%          3
 Mephitic Cloud           Conj/Pois/Air  100%       N/A       1%          3
 Summon Guardian Golem    Hex/Summ       77%        N/A       1%          3
 Tukima's Dance           Hex            53%        N/A       1%          3
 Vampiric Draining        Necr           49%        2d13      1%          3
 Airstrike                Air            49%        N/A       1%          4
 Animate Armour           Summ/Erth      100%       N/A       1%          4
 Animate Dead             Necr           49%        N/A       1%          4
 Fulminant Prism          Conj/Hex       47%        3d21      1%          4
 Hailstorm                Conj/Ice       94%        3d19      1%          4
 Ice Form                 Ice/Tmut       81%        N/A       1%          4
 Iskenderun's Mystic Bla  Conj/Tloc      100%       2d19      1%          4
 Petrify                  Tmut/Erth      100%       N/A       1%          4
 Alistair's Intoxication  Tmut/Pois      60%        N/A       1%          5
 Blade Hands              Tmut           51%        N/A       1%          5
 Bolt of Magma            Conj/Fire/Erth 48%        4d20      1%          5
 Fireball                 Conj/Fire      47%        3d19      1%          5
 Lightning Bolt           Conj/Air       55%        1d77      1%          5
 Yara's Violent Unravell  Hex/Tmut       40%        3d16      1%          5
 Conjure Ball Lightning   Conj/Air       55%        3x3d20    1%          6
 Death Channel            Necr           49%        N/A       1%          6
 Eringya's Noxious Bog    Tmut/Pois      45%        N/A       1%          6
 Starburst                Conj/Fire      47%        6d13      1%          6
 Statue Form              Tmut/Erth      68%        N/A       1%          6
 Orb of Destruction       Conj           60%        9d17      1%          7
 Spellforged Servitor     Conj/Summ      54%        N/A       1%          7
 Cause Fear               Hex            26%        N/A       2%          4
 Storm Form               Tmut/Air       50%        N/A       3%          7
 Simulacrum               Ice/Necr       39%        N/A       6%          6
 Summon Hydra             Summ           47%        N/A       6%          7
 Metabolic Englaciation   Hex/Ice        26%        N/A       9%          5
 Borgnjor's Revivificati  Necr           49%        N/A       30%         8
 Maxwell's Capacitive Co  Air            49%        ∞         30%         8
 Invisibility             Hex            26%        N/A       38%         6
 Disjunction              Tloc           42%        N/A       82%         8
 Discord                  Hex            26%        N/A       100%        8
 Polar Vortex             Ice            26%        N/A       100%        9


Dungeon Overview and Level Annotations

Branches:
Dungeon (15/15)            Temple (1/1) D:6            Lair (6/6) D:10
 Shoals (4/4) Lair:3       Spider (4/4) Lair:3        Slime (0/5) Lair:6
    Orc (2/2) D:12            Elf (3/3) Orc:2        Vaults (5/5) D:14
  Crypt (0/3) Vaults:2     Depths (5/5) D:15            Zot (5/5) Depths:5
  Sewer (visited)          Bailey (visited)           IceCv (visited)

Altars:
Ashenzari
Cheibriados
Dithmenos
Elyvilon
Fedhas
Gozag
Hepliaklqana
Kikubaaqudgha
Makhleb
Nemelex Xobeh
Okawaru
Qazlal
Ru
Sif Muna
Trog
Uskayaw
Vehumet
Wu Jian
Xom
Yredelemnul
Zin
The Shining One
Beogh

Shops:
D:5 [   D:6 ?   D:7 =(   D:10 *   D:13 !   D:15 ![??   Orc:2 *[*=*[
Elf:1 (=:=*=?   Elf:2 *(   Shoals:2 *[(*   Shoals:3 (   Vaults:3 *
Vaults:5 !?!?!!   Depths:2 [?!*=

Portals:
Hell: Depths:1 Depths:2 Depths:3 Depths:4 Depths:5
Abyss: Depths:4
Pandemonium: Depths:3
Ziggurat: Depths:5

Annotations:
D:5 exclusion: downstairs
D:6 exclusion: downstairs
D:10 exclusion: downstairs
D:13 exclusion: downstairs
Lair:1 exclusion: downstairs
Lair:2 exclusion: downstairs
Lair:3 exclusion: 2 downstairs
Lair:5 exclusion: downstairs
Shoals:1 exclusion: downstairs
Shoals:3 exclusion: downstairs
Spider:3 exclusion: 3 downstairs
Elf:2 3 runed translucent doors, exclusions: 2 doors and downstairs
Vaults:4 exclusion: downstairs
Depths:3 3 runed translucent doors, exclusions: 3 doors and 3 downstairs, Dameikh's ghost, veteran FoFi; Maijegg's ghost, adept DjWz; Viocziel's ghost, adept TrMo; Xachuts's ghost, adept DgCj
Zot:2 1 runed translucent door, exclusion: door, Pax Tuynn's ghost, legendary GrIE
Zot:3 exclusion: downstairs


Innate Abilities, Weirdness & Mutations

You are amphibious.
You cover ground slowly.
You can hop long distances.
You have an extended range of vision and can be seen from far away.
You have a pair of small horns on your head.
You are agile. (Dex +2)
Your flesh is cold resistant. (rC+)
You passively map a small area around you.
You are covered in fur. (AC +1)
Your muscles are strong. (Str +2)
You sometimes lose the ability to read scrolls when taking damage.


Message History

The lorocyproca hits you but does no damage.
You completely miss the lorocyproca.
The lorocyproca is moderately wounded.
You closely miss the lorocyproca.
The lorocyproca is moderately wounded.
You block the lorocyproca's attack.
You hit the lorocyproca. You headbutt the lorocyproca.
The lorocyproca is heavily wounded.
You puncture the lorocyproca!
You headbutt the lorocyproca, but do no damage.
The lorocyproca is severely wounded.
You block the lorocyproca's attack.
You puncture the lorocyproca! You headbutt the lorocyproca!
The lorocyproca is almost dead.
You block the lorocyproca's attack.
You impale the lorocyproca!!
You kill the lorocyproca!
Cheibriados appreciates the change of pace.
(D) Dungeon (T) Temple (L) Lair (A) Shoals (N) Spider Nest (M) Slime Pits (O) Orcish Mines (E) Elven Halls (V) Vaults (C) Crypt (U) Depths (H) Hell (Z) Zot
Where to? (Enter - D:1 @ (x,y), ? - help)
There is an open door here.
A Hell Sentinel comes into view.
The Hell Sentinel roars!
The Hell Sentinel gestures at you.
The sphere of damnation explodes!
The damnation engulfs you!
Blink to where?
Press: ? - help, Dir - move target
As you read the scroll of blinking, it crumbles to dust.
Aiming: Dig
Press: ? - help, Shift-Dir - straight line A rock wall.
This square is covered in magical glow.
The rock shatters into small pieces.
Blink to where?
Press: ? - help, Dir - move target
As you read the scroll of blinking, it crumbles to dust.
You have escaped!

.......# #...'.⌠.'...'...#.#
.......# #...#...#...#...#.#
.......# ##'###########'##.#
.......# #...#...#...#...#.#
##.##### #...#.⌠.'...#...#.#
##.# #...#...#...#...#.#
.#.#########'###.###'###'##.#
.'........#...#...#...#...#.#
.#.######.#...#.@.'.⌠.'...'.#
.#.# #.#...#.[.#...#...###
.#.# #.######.#######'## .#.#
#.#...#^..#...#...# .#.#
#.#...'...'...'...# .#.#
#.#...#...#...#...# .#.#
####.##'#######'###+## .#.#
#....§..............# .#.#
#....################


There were no monsters in sight!

Vanquished Creatures
  5 dread liches
  5 ancient liches
  7 orbs of fire
  A juggernaut (Depths:4)
  Boris (twice) (Depths:4 Vaults:5)
  3 Killer Klowns (Zot:5)
  2 curse toes
  Saint Roka (Depths:5)
  Jory (Depths:5)
  A golden dragon (shapeshifter) (Vaults:5)
  Nikola (Elf:1)
  14 golden dragons
  the Enchantress (Depths:4)
  3 electric golems
  Arachne (Spider:3)
  Asterion (Depths:3)
  A Hell Sentinel (D:11)
  5 deep elf blademasters
  26 tentacled monstrosities
  A deep elf master archer (Elf:3)
  A lich (Depths:4)
  7 titans
  13 quicksilver dragons
  3 sphinxes
  26 Orb Guardians
  10 death cobs
  Gastronok (Lair:3)
  12 shadow dragons
  A kraken (Shoals:1)
  Roxanne (Spider:4)
  4 draconian monks
  8 tengu reavers
  14 storm dragons
  10 fire giants
  8 deep elf sorcerers
  5 frost giants
  7 draconian knights
  2 emperor scorpions
  3 balrugs
  20 vault wardens
  2 draconian shifters
  3 iron dragons
  8 ghost moths
  5 deep elf elementalists (Elf:3)
  3 draconian scorchers (Zot:3)
  3 draconian annihilators
  4 orc warlords
  7 draconian stormcallers
  17 ironbound preservers
  A war gargoyle (Vaults:3)
  3 spriggan defenders (Depths:4)
  18 stone giants
  2 vampire knights (Depths:3)
  35 very ugly things
  13 green draconians
  11 black draconians
  4 deep elf demonologists
  5 entropy weavers
  Azrael (Elf:1)
  6 yellow draconians
  8 deep elf annihilators
  2 lorocyprocas
  3 dire elephants
  7 red draconians
  12 purple draconians
  5 white draconians
  A spark wasp (shapeshifter) (Vaults:5)
  4 merfolk javelineers
  3 spark wasps
  Snorg (Orc:1)
  14 ettins
  5 deep elf death magi
  6 merfolk impalers
  An ettin (shapeshifter) (Vaults:5)
  A crystal guardian (Vaults:1)
  11 deep elf high priests
  Fannar (Orc:1)
  12 yaktaur captains
  4 ironbound thunderhulks
  A salamander tyrant (Depths:5)
  17 fire dragons
  7 great orbs of eyes
  4 rakshasas
  39 vault guards
  A great orb of eyes (shapeshifter) (Vaults:5)
  2 peacekeepers (Vaults:1)
  14 ice dragons
  11 boulder beetles
  5 hydras
  A hydra (shapeshifter) (Vaults:5)
  5 merfolk avatars
  2 ogre magi
  14 ironbound frosthearts
  3 spriggan air magi
  3 satyrs
  A catoblepas (Lair:5)
  12 centaur warriors
  3 alligator snapping turtles
  8 two-headed ogres
  A death knight (Vaults:2)
  4 deep troll shamans
  5 vampire magi
  14 dancing weapons
  5 hell knights
  6 death yaks
  7 deep troll earth magi
  4 spriggan berserkers
  2 tengu warriors
  Urug (D:11)
  4 ironbound beastmasters
  A shock serpent (shapeshifter) (Vaults:5)
  6 sun demons
  17 deep elf knights
  Nergalle (Lair:3)
  3 spriggans
  4 salamander mystics
  A soul eater (Depths:3)
  2 orc high priests (Orc:2)
  A goliath frog (Lair:6)
  8 iron trolls
  12 sea snakes
  A shadow wraith (Vaults:2)
  A gelid demonspawn (Zot:5)
  34 deep trolls
  A torturous demonspawn (Depths:3)
  18 deep elf archers
  3 glowing orange brains
  16 ironbound convokers
  11 orc knights
  7 wizards
  A shadow dragon zombie (D:15)
  11 deep elf pyromancers
  A swamp dragon (shapeshifter) (Vaults:5)
  4 lindwurms
  5 phantasmal warriors
  11 harpies
  3 orange crystal statues
  A harpy (shapeshifter) (Vaults:4)
  A stone giant zombie (D:15)
  4 orc sorcerers
  57 ugly things
  22 orb spiders
  5 cyclopes
  An oklob plant (Lair:6)
  23 wolf spiders
  15 deep elf zephyrmancers
  A manticore (shapeshifter) (Vaults:5)
  A fire giant zombie (D:15)
  4 manticores
  11 fauns
  A tengu zombie (Depths:1)
  25 moths of wrath
  A salamander (shapeshifter) (Elf:3)
  11 salamanders
  12 elephants
  7 merfolk sirens
  4 black mambas
  14 vault sentinels
  16 cane toads
  A smoke demon (D:9)
  7 water nymphs
  An orange demon (Depths:3)
  8 rime drakes
  4 freezing wraiths
  23 demonic crawlers
  4 komodo dragons
  A tengu conjurer (Depths:3)
  33 yaktaurs
  An ice devil (Depths:3)
  7 trolls
  A queen bee (D:15)
  21 merfolk
  5 meliai (D:15)
  A troll (shapeshifter) (Vaults:4)
  29 jumping spiders
  A slime creature (shapeshifter) (Depths:4)
  A merfolk (shapeshifter) (Depths:4)
  6 tyrant leeches
  4 wind drakes
  11 hornets
  18 slime creatures
  A tyrant leech (shapeshifter) (Vaults:5)
  3 polar bears
  7 snapping turtles
  19 blink frogs
  A dream sheep (shapeshifter) (Depths:4)
  3 dream sheep (Shoals:3)
  A spriggan zombie (Depths:1)
  A shadow (D:10)
  2 air elementals
  A redback (shapeshifter) (Depths:5)
  73 redbacks
  19 tarantellas
  6 wyverns
  2 wraiths
  35 yaks
  4 water elementals
  3 basilisks
  10 fire elementals
  7 humans
  5 vampire mosquitoes (Lair:6)
  A swamp worm (shapeshifter) (D:15)
  3 chaos spawn (Elf:3)
  4 wargs
  3 acid dragons
  9 water moccasins
  7 hell hounds
  A floating eye (shapeshifter) (Depths:5)
  2 floating eyes (Depths:4)
  29 orc warriors
  A sky beast (D:7)
  A meliai simulacrum (D:14)
  2 black bears
  6 boggarts
  18 wolves
  10 centaurs
  7 ogres
  A kobold brigand (D:9)
  Blork the orc (D:6)
  17 bullfrogs
  A scorpion (D:6)
  4 earth elementals
  A water moccasin zombie (D:6)
  12 killer bees
  An electric eel (Lair:6)
  4 howler monkeys
  A centaur zombie (D:5)
  4 orc priests
  2 jellies
  A centaur skeleton (D:5)
  A hound (D:6)
  An iguana (D:4)
  13 orc wizards
  A statue (Depths:5)
  A hound zombie (D:5)
  2 howler monkey zombies (D:7)
  11 gnolls
  4 adders
  An ufetubus (D:7)
  A worm (D:2)
  2 dart slugs
  A dart slug (shapeshifter) (Depths:3)
  46 orcs
  A bat (D:1)
  8 endoplasms
  6 giant cockroaches
  17 goblins
  15 hobgoblins
  A jackal (D:1)
  5 quokkas
  5 ball pythons
  9 frilled lizards
  6 kobolds
  2 rats
  A bush (Shoals:1)
  3 tentacles (Shoals:1)
1826 creatures vanquished.

Vanquished Creatures (collateral kills)
  A caustic shrike (Depths:4)
  A golden dragon (Zot:2)
  A lich (Depths:4)
  A deep elf master archer (Elf:3)
  A tengu reaver (Vaults:1)
  A shadow dragon (Depths:3)
  A draconian knight (Zot:3)
  2 frost giants
  4 emperor scorpions
  2 vault wardens
  A deep elf sorcerer (Elf:3)
  An orc warlord (Bailey)
  A draconian shifter (Depths:5)
  6 very ugly things
  2 stone giants
  A dire elephant (Vaults:2)
  A spark wasp (Spider:2)
  A white draconian (IceCv)
  2 red draconians (Zot:2)
  A merfolk javelineer (Shoals:4)
  3 yaktaur captains
  A deep elf high priest (Vaults:5)
  An ettin (Depths:2)
  A fire dragon (Depths:3)
  An ironbound thunderhulk (Vaults:1)
  3 rakshasas
  A boulder beetle (Lair:5)
  4 ice dragons
  A vault guard (Vaults:3)
  3 hydras
  2 catoblepae
  2 merfolk avatars
  An ogre mage (Vaults:1)
  A two-headed ogre (D:12)
  A death knight (Vaults:2)
  2 centaur warriors
  3 ironbound frosthearts
  4 death yaks
  An alligator (Lair:6)
  2 deep troll shamans (Depths:2)
  An orc high priest (Orc:2)
  An ironbound beastmaster (Vaults:2)
  A spriggan berserker (Depths:5)
  2 deep elf knights
  A titan skeleton (D:15)
  A sun demon (D:1)
  An iron troll (Depths:2)
  2 skeletal warriors (D:15)
  2 deep trolls
  A sea snake (Shoals:1)
  A shadow demon (Zot:5)
  A swamp dragon (Lair:2)
  A deep elf archer (Elf:3)
  3 wizards (Vaults:1)
  4 deep elf pyromancers
  11 harpies
  8 orc knights
  2 necromancers
  5 manticores
  6 fauns
  3 orb spiders
  2 deep elf zephyrmancers
  A fire giant zombie (Depths:1)
  4 wolf spiders
  12 ugly things
  3 orc sorcerers
  A tengu skeleton (Depths:1)
  9 elephants
  A moth of wrath (Zot:5)
  Joseph (D:7)
  2 vault sentinels
  A molten gargoyle (Depths:1)
  2 torpor snails
  A water nymph (Shoals:2)
  A yaktaur (Vaults:4)
  A cane toad (Lair:6)
  5 komodo dragons
  2 demonic crawlers
  2 rime drakes (IceCv)
  A red devil (D:1)
  A troll (D:9)
  A hornet (Spider:3)
  A meliai (D:15)
  3 polar bears (IceCv)
  A tyrant leech (Lair:6)
  2 wind drakes
  5 jumping spiders
  5 blink frogs
  7 merfolk
  6 slime creatures
  A snapping turtle (Shoals:4)
  A centaur simulacrum (D:15)
  A water elemental (Shoals:4)
  21 redbacks
  An ice dragon zombie (Depths:1)
  A wraith (D:8)
  2 shadows
  20 yaks
  5 tarantellas
  2 wyverns
  A basilisk (Lair:4)
  Menkaure (D:7)
  An acid dragon (D:7)
  3 water moccasins
  5 orc warriors
  An ice beast (D:8)
  3 necrophages
  4 black bears
  A boggart (D:14)
  14 wolves
  8 centaurs
  An ogre (D:4)
  A gnoll sergeant (D:9)
  5 bullfrogs
  4 scorpions
  15 killer bees
  A wight (D:7)
  2 electric eels (Spider:2)
  A howler monkey (D:7)
  2 centaur zombies
  2 hounds (D:5)
  6 orc priests
  A jelly (D:6)
  2 iguanas (D:5)
  Ijyb (D:5)
  7 orc wizards
  6 gnolls
  4 adders
  An ufetubus (D:7)
  2 adder skeletons
  2 dart slugs (D:4)
  18 orcs
  8 ball pythons
  4 bats
  9 endoplasms
  6 giant cockroaches
  6 goblins
  9 hobgoblins
  A jackal (D:1)
  10 quokkas
  5 frilled lizards (Sewer)
  6 kobolds
  2 rats
459 creatures vanquished.

Vanquished Creatures (others)
  A fire giant (Depths:3)
  A draconian knight (Zot:1)
  2 polar bears (IceCv)
  A chaos spawn (D:13)
  A wyvern zombie (D:8)
  A jelly (D:7)
  4 bushes
  79 fungi
  252 plants
  11 snaplasher vines
  14 tentacles (Shoals:1)
  15 withered plants
382 creatures vanquished.

Grand Total: 2667 creatures vanquished

Notes
Turn   | Place    | Note
-------+----------+-------------------------------------------
     0 | D:1      | AarnesTheHuman the Barachi Summoner began the quest for the
                  | Orb.
     0 | D:1      | Reached XP level 1. HP: 13/13 MP: 3/3
    22 | D:1      | You fall into a shaft and drop 1 floor!
    97 | D:1      | Reached skill level 5 in Summonings
   120 | D:1      | Found a faded altar of an unknown god.
   143 | D:1      | Reached XP level 2. HP: 15/19 MP: 1/5
  1345 | D:1      | Learned a level 2 spell: Call Imp
  1490 | D:2      | Reached XP level 3. HP: 22/24 MP: 2/7
  1494 | D:2      | Learned a level 3 spell: Call Canine Familiar
  1595 | D:2      | Reached skill level 1 in Polearms
  2810 | D:3      | Identified a scroll of acquirement
  2810 | D:3      | Acquired the amulet of Goequw {Fragile rC+ Regen+ MP+9}
  3039 | D:3      | Found a glowing drain.
  3062 | Sewer    | Entered a sewer
  3075 | Sewer    | Reached XP level 4. HP: 31/31 MP: 7/8
  3584 | Sewer    | Reached XP level 5. HP: 36/36 MP: 10/10
  3661 | Sewer    | Reached skill level 1 in Fighting
  3666 | Sewer    | Reached skill level 2 in Fighting
  3848 | D:3      | Reached XP level 6. HP: 41/46 MP: 12/12
  3853 | D:3      | Learned a level 4 spell: Summon Lightning Spire
  4124 | D:3      | Noticed a black bear
  4151 | D:3      | Killed a black bear
  4420 | D:4      | Reached skill level 1 in Air Magic
  4454 | D:4      | Noticed a black bear
  4480 | D:4      | Killed a black bear
  4481 | D:4      | Reached skill level 3 in Fighting
  4729 | D:4      | Noticed a necrophage
  4740 | D:4      | Reached XP level 7. HP: 52/52 MP: 13/13
  5048 | D:5      | Entered Level 5 of the Dungeon
  5096 | D:5      | Found Xytug's Antique Armour Boutique.
  5437 | D:5      | Noticed Ijyb
  5468 | D:5      | Paralysed by Ijyb for 6 turns
  5480 | D:5      | Killed Ijyb
  5651 | D:5      | Reached skill level 4 in Fighting
  5949 | D:5      | Reached skill level 5 in Spellcasting
  5949 | D:5      | Reached XP level 8. HP: 60/60 MP: 15/15
  6192 | D:6      | Noticed Blork the orc
  6201 | D:6      | Killed Blork the orc
  6267 | D:6      | Found a broken altar of Ashenzari.
  6375 | D:6      | Found an iron altar of Okawaru.
  6376 | D:6      | Found a stormy altar of Qazlal.
  6445 | D:6      | Found Uczeorph's Magic Scroll Shop.
  6543 | D:6      | Bought a scroll of teleportation for 42 gold pieces
  6569 | D:6      | Found a staircase to the Ecumenical Temple.
  6578 | Temple   | Entered the Ecumenical Temple
  6723 | Temple   | Became a worshipper of Cheibriados the Contemplative
  7080 | D:7      | Noticed a deep elf pyromancer
  7239 | D:7      | Noticed Joseph
  7378 | D:7      | Noticed a yak
  7378 | D:7      | Noticed a yak
  7378 | D:7      | Noticed a yak
  7378 | D:7      | Noticed a yak
  7378 | D:7      | Noticed a yak
  7378 | D:7      | Noticed a yak
  7378 | D:7      | Found a white marble altar of Elyvilon.
  7378 | D:7      | Found Kienag's Weapon Boutique.
  7392 | D:6      | Killed a yak
  7393 | D:6      | Reached skill level 1 in Invocations
  7396 | D:6      | Killed a yak
  7397 | D:6      | Reached skill level 5 in Shields
  7397 | D:6      | Reached XP level 9. HP: 43/65 MP: 14/18
  7406 | D:6      | Reached * piety under Cheibriados
  7586 | D:6      | Found a broken altar of Ashenzari.
  7598 | D:6      | Found a stormy altar of Qazlal.
  7598 | D:6      | Found an iron altar of Okawaru.
  7803 | D:6      | Found a staircase to the Ecumenical Temple.
  7833 | D:6      | Found Uczeorph's Magic Scroll Shop.
  7978 | D:7      | Noticed Menkaure
  7987 | D:7      | Killed Menkaure
  8237 | D:7      | Reached skill level 5 in Polearms
  8481 | D:7      | Killed Joseph
  8677 | D:7      | Killed a deep elf pyromancer
  8800 | D:7      | Found Utsafip's Jewellery Boutique.
  9255 | D:8      | Reached ** piety under Cheibriados
  9418 | D:8      | Learned a level 4 spell: Airstrike
  9422 | D:8      | Noticed a two-headed ogre
  9438 | D:8      | Killed a two-headed ogre
  9439 | D:8      | Reached XP level 10. HP: 23/71 MP: 19/19
  9660 | D:8      | Noticed a catoblepas
  9686 | D:8      | Killed a catoblepas
  9833 | D:8      | Found a glowing silver altar of Zin.
 10298 | D:9      | Reached skill level 5 in Air Magic
 11542 | D:9      | Learned a level 4 spell: Passage of Golubria
 11581 | D:10     | Entered Level 10 of the Dungeon
 11581 | D:10     | Found Wozeibbi's Assorted Antiques.
 11584 | D:10     | Reached *** piety under Cheibriados
 11594 | D:10     | Acquired 811 gold pieces
 11596 | D:10     | Bought a scroll of acquirement for 1352 gold pieces
 11596 | D:10     | Acquired a +3 vampiric demon trident
 12091 | D:10     | Found a staircase to the Lair.
 12102 | D:10     | Noticed a two-headed ogre
 12106 | D:10     | Killed a two-headed ogre
 12276 | D:10     | Noticed a two-headed ogre
 12286 | D:10     | Killed a two-headed ogre
 12287 | D:10     | Reached XP level 11. HP: 32/77 MP: 5/23
 12609 | D:10     | Found a sparkling altar of Nemelex Xobeh.
 13047 | D:11     | Reached **** piety under Cheibriados
 13332 | D:11     | Noticed a two-headed ogre
 13338 | D:11     | Killed a two-headed ogre
 13436 | D:11     | Noticed Urug
 13447 | D:11     | Killed Urug
 13606 | D:11     | Reached skill level 5 in Invocations
 13685 | D:11     | Noticed a purple ugly thing
 13694 | D:11     | Killed a purple ugly thing
 14299 | Lair:1   | Entered Level 1 of the Lair of Beasts
 14604 | Lair:1   | Identified the +7 quarterstaff "Tizo" {speed, +Rage Fly
                  | rPois}
 14928 | Lair:1   | Reached skill level 5 in Fighting
 15117 | Lair:1   | Noticed a four-headed hydra
 15122 | Lair:1   | Killed a four-headed hydra
 15385 | Lair:1   | Reached skill level 6 in Fighting
 15830 | Lair:2   | Noticed an eight-headed hydra
 15834 | Lair:2   | Killed an eight-headed hydra
 15917 | Lair:1   | Reached skill level 10 in Shields
 16048 | Lair:2   | Reached XP level 12. HP: 88/88 MP: 17/24
 16055 | Lair:2   | Reached ***** piety under Cheibriados
 16484 | Lair:2   | Reached skill level 10 in Polearms
 16895 | Lair:2   | Acquired a +0 hat of willpower
 17265 | Lair:3   | Noticed Gastronok
 17275 | Lair:3   | Killed Gastronok
 17328 | Lair:2   | Learned a level 5 spell: Lightning Bolt
 17423 | Lair:3   | Identified the +0 ring mail of the Harp {-Tele rPois Str+5
                  | Dex+3}
 17449 | Lair:3   | Identified the +2 chain mail of Yesterday {rF++ rC+++ Str+2
                  | Dex-3}
 17660 | Lair:3   | Noticed Nergalle
 17670 | Lair:3   | Killed Nergalle
 18001 | Lair:3   | Found a hole to the Spider Nest.
 18072 | Lair:3   | Found a staircase to the Shoals.
 18559 | Lair:4   | Reached skill level 7 in Fighting
 18601 | Lair:4   | Noticed a death yak
 18601 | Lair:4   | Noticed a death yak
 18601 | Lair:4   | Noticed a death yak
 18602 | Lair:4   | Noticed a death yak
 18602 | Lair:4   | Noticed a death yak
 18613 | Lair:3   | Killed a death yak
 18985 | Lair:4   | Killed a death yak
 18987 | Lair:4   | Killed a death yak
 18988 | Lair:4   | Reached skill level 5 in Armour
 18992 | Lair:4   | Killed a death yak
 18993 | Lair:4   | Reached skill level 8 in Fighting
 18995 | Lair:4   | Killed a death yak
 19193 | Lair:4   | Gained mutation: You can hop long distances. [Barachi
                  | growth]
 19193 | Lair:4   | Reached XP level 13. HP: 98/98 MP: 18/25
 19660 | Lair:4   | Reached ****** piety under Cheibriados
 21858 | Lair:6   | Entered Level 6 of the Lair of Beasts
 21867 | Lair:6   | Found a hide-covered altar of Uskayaw.
 21942 | Lair:6   | Reached skill level 15 in Shields
 22038 | Lair:6   | Reached XP level 14. HP: 106/106 MP: 26/26
 22045 | Lair:6   | Reached skill level 9 in Fighting
 22067 | Lair:6   | Reached skill level 1 in Conjurations
 22067 | Lair:6   | Reached skill level 1 in Translocations
 23270 | Lair:6   | Identified the +1 robe "Soenemp" {rC+}
 23280 | Lair:6   | Learned a level 2 spell: Blink
 23838 | Lair:6   | Found a staircase to the Slime Pits.
 24046 | Lair:6   | Learned a level 5 spell: Manifold Assault
 24230 | D:12     | Found a flagged portal.
 24254 | Bailey   | Entered a bailey
 24941 | Bailey   | Noticed an orc warlord
 24955 | Bailey   | Killed an orc warlord
 25421 | D:12     | Reached skill level 5 in Translocations
 25638 | D:12     | Found a staircase to the Orcish Mines.
 25989 | D:12     | Reached skill level 10 in Spellcasting
 26120 | D:12     | Reached XP level 15. HP: 114/114 MP: 17/29
 26126 | D:12     | Learned a level 5 spell: Summon Forest
 26126 | D:12     | Reached skill level 10 in Fighting
 26126 | D:12     | Reached XP level 16. HP: 124/124 MP: 19/30
 26127 | D:12     | Reached skill level 11 in Fighting
 26127 | D:12     | Reached XP level 17. HP: 133/133 MP: 19/31
 27345 | D:13     | Found Xoutue's Distillery.
 27357 | D:13     | Bought a potion of heal wounds for 80 gold pieces
 27358 | D:13     | Bought a potion of might for 64 gold pieces
 27510 | Orc:1    | Entered Level 1 of the Orcish Mines
 27513 | Orc:1    | Noticed Snorg
 27520 | Orc:1    | Killed Snorg
 27535 | Orc:1    | Reached skill level 12 in Fighting
 27733 | Orc:1    | Noticed Fannar
 27741 | Orc:1    | Killed Fannar
 28456 | Orc:2    | Entered Level 2 of the Orcish Mines
 28602 | Orc:2    | Found Palav's Assorted Antiques.
 29056 | Orc:2    | Found a staircase to the Elven Halls.
 29128 | Orc:2    | Found Nasish Huas's Armour Shop.
 29137 | Orc:2    | Bought the +1 pair of boots of the King of the Hill {Drain
                  | rElec rPois rC++} for 396 gold pieces
 30187 | Orc:2    | Found Satim's General Store.
 30187 | Orc:2    | Found Xyhuar's Jewellery Emporium.
 30211 | Orc:2    | Found Cawkeod's Assorted Antiques.
 30211 | Orc:2    | Found Forum's Armour Shop.
 30268 | Orc:2    | Bought a scroll of teleportation for 45 gold pieces
 30270 | Orc:2    | Bought a scroll of teleportation for 75 gold pieces
 31321 | D:14     | Identified the +6 plate armour "Hisy" {Rampage rPois Dex-4}
 31569 | D:14     | Found a gate to the Vaults.
 31613 | D:14     | Reached skill level 13 in Fighting
 31828 | D:15     | Entered Level 15 of the Dungeon
 31839 | D:15     | Found a stormy altar of Qazlal.
 31865 | D:15     | Found Cicusuba's Magic Scroll Emporium.
 31871 | D:15     | Found Syokear's Magic Scroll Shop.
 31875 | D:15     | Bought a scroll of enchant weapon for 105 gold pieces
 32007 | D:15     | Found a staircase to the Depths.
 32580 | D:15     | Bought a scroll of blinking for 150 gold pieces
 32648 | D:15     | Found Axuulece's Distillery.
 32687 | D:15     | Found Uletruir's Armour Emporium.
 33824 | Spider:1 | Entered Level 1 of the Spider Nest
 33994 | Spider:1 | Reached skill level 10 in Invocations
 34659 | Spider:2 | Reached XP level 18. HP: 129/143 MP: 3/34
 35028 | Spider:2 | Found a frozen archway.
 35058 | IceCv    | Entered an ice cave
 35826 | IceCv    | Got the Papyrus of Snow
 37191 | Spider:3 | Reached skill level 14 in Fighting
 37836 | Spider:4 | Entered Level 4 of the Spider Nest
 37944 | Shoals:1 | Entered Level 1 of the Shoals
 39089 | Shoals:1 | Identified the +1 animal skin "Gotri Timnu" {rC+ rN+ Str+4}
 39559 | Shoals:2 | Found Edghoipp's Visitors' Centre.
 39585 | Shoals:2 | Found Edghoipp's Merfolk Weapons.
 39600 | Shoals:2 | Found Edghoipp's Merfolk Armours.
 39600 | Shoals:2 | Found Edghoipp's Merfolk Magic.
 39614 | Shoals:2 | Bought the Collected Works on Venom for 504 gold pieces
 39629 | Shoals:2 | Learned a level 2 spell: Poisonous Vapours
 39634 | Shoals:2 | Learned a level 4 spell: Olgreb's Toxic Radiance
 39817 | Shoals:2 | Reached skill level 1 in Poison Magic
 39817 | Shoals:2 | Reached XP level 19. HP: 152/152 MP: 35/35
 40816 | Shoals:3 | Reached skill level 10 in Air Magic
 40912 | Shoals:3 | Found Egydd's Weapon Emporium.
 41692 | Shoals:2 | Bought a ring of willpower for 350 gold pieces
 41784 | Shoals:4 | Entered Level 4 of the Shoals
 42108 | Shoals:4 | Reached skill level 5 in Poison Magic
 42113 | Shoals:4 | Reached skill level 15 in Fighting
 42486 | Shoals:4 | Got a barnacled rune of Zot
 42831 | Shoals:4 | Identified the +5 morningstar of Woe {holy, +Blink Str+4}
 43236 | Shoals:4 | Identified the +8 scimitar of Makhleb's Hope {vorpal, Drain
                  | rElec Will+ Str+2}
 43236 | Shoals:4 | Identified the ring "Poufral" {Int+6 Dex+6}
 43337 | Shoals:4 | Reached skill level 10 in Armour
 43981 | Vaults:1 | Entered Level 1 of the Vaults
 44800 | Vaults:1 | Learned a level 5 spell: Lee's Rapid Deconstruction
 44933 | Vaults:1 | Reached skill level 1 in Earth Magic
 45480 | Vaults:1 | Reached skill level 5 in Earth Magic
 45481 | Vaults:1 | Reached XP level 20. HP: 162/162 MP: 38/38
 45945 | Vaults:1 | Identified the +1 cloak "Doisih" {Rampage Int+4}
 46189 | Vaults:1 | Learned a level 3 spell: Frozen Ramparts
 46534 | Vaults:2 | Reached skill level 16 in Fighting
 47648 | Vaults:2 | Found a staircase to the Crypt.
 47886 | Vaults:2 | Learned a level 5 spell: Borgnjor's Vile Clutch
 48078 | Vaults:3 | Reached skill level 1 in Necromancy
 48139 | Vaults:3 | Identified the +4 scale mail of Circular Logic {+Blink
                  | Str-3 Int+2}
 48375 | Vaults:3 | Found Amulusac's General Store.
 48398 | Vaults:3 | Found Emuudgh's Armour Emporium.
 48638 | Vaults:3 | Reached skill level 5 in Necromancy
 49248 | Vaults:3 | Reached skill level 17 in Fighting
 49353 | Vaults:3 | Reached XP level 21. HP: 174/174 MP: 39/39
 49374 | Vaults:3 | Reached skill level 5 in Dodging
 50299 | Vaults:4 | Reached XP level 22. HP: 181/181 MP: 40/40
 50727 | Vaults:4 | Found the ring of the Tortoise {AC+8}
 52159 | Elf:1    | Entered Level 1 of the Elven Halls
 52657 | Elf:1    | Found Kotiez's Weapon Emporium.
 52821 | Elf:1    | Noticed Azrael
 52869 | Elf:1    | Killed Azrael
 52962 | Elf:1    | Found Buefooro's Assorted Antiques.
 52999 | Elf:1    | Noticed Nikola
 53012 | Elf:1    | Killed Nikola
 53013 | Elf:1    | Reached skill level 18 in Fighting
 53084 | Elf:1    | Reached skill level 15 in Spellcasting
 53263 | Elf:1    | Found Ykoucunu's Jewellery Shoppe.
 53268 | Elf:1    | Found Azin's Book Boutique.
 53270 | Elf:1    | Found Sasopsie's Jewellery Shoppe.
 53381 | Elf:1    | Found Foghuj's Jewellery Shoppe.
 53398 | Elf:1    | Found Dinesica's Magic Scroll Emporium.
 53400 | Elf:1    | Found Fuisys's Assorted Antiques.
 53407 | Elf:1    | Bought a scroll of enchant weapon for 97 gold pieces
 53596 | Elf:1    | Reached XP level 23. HP: 190/190 MP: 41/42
 53761 | Elf:1    | Bought a book of Transfigurations for 520 gold pieces
 53767 | Elf:1    | Learned a level 5 spell: Irradiate
 53802 | Elf:1    | Bought a ring of see invisible for 195 gold pieces
 53833 | Elf:2    | Reached skill level 1 in Transmutations
 54093 | Elf:2    | Found a runed translucent gate.
 54093 | Elf:2    | Found a runed translucent gate.
 54128 | Elf:2    | Found a runed translucent gate.
 54225 | Elf:2    | Found Qynk's General Store.
 54388 | Elf:2    | Paralysed by an air elemental for 1 turns
 54487 | Elf:2    | Found Rusig's Antique Weapon Shoppe.
 54755 | Elf:3    | Entered Level 3 of the Elven Halls
 54839 | Elf:3    | Reached skill level 5 in Conjurations
 55291 | Elf:3    | Reached skill level 5 in Transmutations
 55665 | Elf:3    | Identified the ring "Alloc" {rC+ Int+4}
 55693 | Elf:3    | Reached skill level 19 in Fighting
 55875 | Elf:3    | Identified the +9 spear of Piferag {elec, +Blink rF- rCorr
                  | Stlth+}
 56051 | Elf:3    | Identified the +12 shortbow of Incongruity {venom, Will+}
 56053 | Elf:3    | Identified the +4 war axe of Qiwnoth {spect, rPois Dex+3}
 56288 | Elf:3    | Identified the amulet "Janadaph" {RegenMP rPois}
 56416 | Elf:3    | Identified the ring "Boxzosche" {Fly Str+3}
 56626 | Elf:3    | Identified the amulet of Nioti {rPois Regen+ rCorr Int+5
                  | SInv}
 56772 | Elf:3    | Identified the quicksilver dragon scales "Tipref" {rN+
                  | Will+}
 56778 | Elf:3    | Got the Volume of the Firefly
 57203 | Depths:1 | Entered Level 1 of the Depths
 57230 | Depths:1 | Noticed a golden dragon
 57444 | D:15     | Killed a golden dragon
 57562 | D:15     | Reached skill level 15 in Invocations
 57901 | Depths:1 | Identified the +2 cloak of Xeokirph {*Slow Dex+3}
 57907 | Depths:1 | Learned a level 3 spell: Ignite Poison
 57982 | Depths:1 | Found a gateway to Hell.
 58277 | Depths:1 | Found a broken altar of Ashenzari.
 58604 | Depths:2 | Reached skill level 20 in Fighting
 58779 | Depths:2 | Reached XP level 24. HP: 204/204 MP: 38/43
 59391 | Depths:2 | Found Wuc Zyma's Magic Scroll Shoppe.
 59401 | Depths:2 | Found Cadil's Distillery.
 59417 | Depths:2 | Found Hesuzaf's Assorted Antiques.
 59445 | Depths:2 | Found Icoops's Jewellery Shop.
 59542 | Depths:2 | Found an iron altar of Okawaru.
 59853 | Depths:2 | Identified the +4 fustibalus of Osed {vorpal, rPois Dex+3}
 60044 | Depths:2 | Identified the +1 pair of gloves of the Slightly Bent
                  | {Drain rElec rC- rN+++}
 60057 | Depths:2 | Identified the +2 ring mail of Eternal Night {rElec Regen+
                  | Int-2}
 60192 | Depths:2 | Found Magup's Antique Armour Emporium.
 60380 | Depths:2 | Identified the +4 hand crossbow of Wu Jian's Grace {penet,
                  | Will+++ Str-5 Dex+3 SInv}
 60388 | Depths:2 | Learned a level 6 spell: Iron Shot
 60738 | Depths:3 | Found a shadowy altar of Dithmenos.
 61314 | Depths:3 | Found a runed translucent gate.
 61314 | Depths:3 | Found a runed translucent gate.
 61315 | Depths:3 | Found a runed translucent gate.
 61322 | Depths:3 | Noticed Dameikh's ghost (veteran FoFi)
 61322 | Depths:3 | Noticed Xachuts's ghost (adept DgCj)
 61322 | Depths:3 | Noticed Viocziel's ghost (adept TrMo)
 61322 | Depths:3 | Noticed Maijegg's ghost (adept DjWz)
 61463 | Depths:3 | Reached skill level 21 in Fighting
 61468 | Depths:3 | Identified the +1 plate armour "Ynaq Qepniss" {Regen+}
 61489 | Depths:3 | Identified the +4 kite shield "Quorchau" {rF+ Str-2 Dex+4}
 61489 | Depths:3 | Noticed Asterion
 61493 | Depths:3 | Identified the amulet "Diozin" {Spirit *Corrode Str+2
                  | Int+6}
 61520 | Depths:3 | Killed Asterion
 61909 | Depths:3 | Reached skill level 22 in Fighting
 61912 | Depths:3 | Found a one-way gate leading to the halls of Pandemonium.
 62524 | Depths:4 | Noticed the Enchantress
 62537 | Depths:4 | Killed the Enchantress
 62566 | Depths:4 | Noticed a juggernaut
 62577 | Depths:4 | Killed a juggernaut
 62902 | Depths:4 | Paralysed by a floating eye for 3 turns
 62974 | Depths:4 | Reached XP level 25. HP: 219/219 MP: 41/46
 62989 | Depths:4 | Reached skill level 23 in Fighting
 63149 | Depths:4 | Noticed Boris
 63154 | Depths:4 | Killed Boris
 63300 | Depths:4 | Identified the +3 hand crossbow "Plog" {vorpal, +Blink}
 63515 | Depths:4 | Reached skill level 15 in Armour
 63754 | Depths:4 | Identified the +0 pair of gloves "Caxoarph" {Rampage rC-
                  | Str+3}
 64015 | Depths:4 | Found a one-way gate to the infinite horrors of the Abyss.
 64059 | Depths:4 | Identified the ring of Pride {rF+ Slay+4}
 64912 | Elf:1    | Bought a book of the Warp for 416 gold pieces
 64920 | Elf:1    | Learned a level 6 spell: Dispersal
 65218 | Depths:5 | Entered Level 5 of the Depths
 65373 | Depths:5 | Noticed Jory
 65382 | Depths:5 | Killed Jory
 65960 | Depths:5 | Found a radiant altar of Vehumet.
 65992 | Depths:5 | Noticed Saint Roka
 66003 | Depths:5 | Killed Saint Roka
 66138 | Depths:5 | Found an ornate altar of the Wu Jian Council.
 66590 | Depths:5 | Found a gateway to a ziggurat.
 67026 | Depths:5 | Found a gate to the Realm of Zot.
 67572 | Vaults:5 | Entered Level 5 of the Vaults
 67625 | Vaults:4 | Reached XP level 26. HP: 220/228 MP: 47/47
 68268 | Vaults:4 | Reached skill level 10 in Conjurations
 69180 | Vaults:5 | Noticed Boris
 69196 | Vaults:5 | Killed Boris
 69237 | Vaults:5 | Noticed an ancient lich
 69242 | Vaults:5 | Killed an ancient lich
 69367 | Vaults:5 | Identified the +1 steam dragon scales of Intuition {Str+3}
 69874 | Vaults:5 | Noticed a dread lich
 69877 | Vaults:5 | Killed a dread lich
 70428 | Vaults:5 | Got a silver rune of Zot
 70432 | Vaults:5 | Noticed a dread lich
 70438 | Vaults:5 | Killed a dread lich
 70439 | Vaults:5 | Reached skill level 15 in Conjurations
 70623 | Vaults:5 | Found Doifi's Distillery.
 70623 | Vaults:5 | Found Leyni's Magic Scroll Emporium.
 70656 | Vaults:5 | Found Atoviaqism's Distillery.
 70673 | Vaults:5 | Found Fuisys's Distillery.
 70689 | Vaults:5 | Found Neuch's Magic Scroll Emporium.
 70708 | Vaults:5 | Found Fovear's Distillery.
 70713 | Vaults:5 | Bought a potion of magic for 120 gold pieces
 70889 | Vaults:5 | Noticed an ancient lich
 70895 | Vaults:5 | Reached XP level 27. HP: 235/235 MP: 23/47
 70902 | Vaults:5 | Killed an ancient lich
 71152 | Vaults:5 | Noticed an ancient lich
 71158 | Vaults:5 | Killed an ancient lich
 71841 | Vaults:5 | Noticed a dread lich
 71845 | Vaults:5 | Killed a dread lich
 72083 | Vaults:5 | Identified the ring "Veikuofe" {Fly rElec Str+3 Int+3}
 72086 | Vaults:5 | Identified the +3 leather armour of Happy Babbling {Contam
                  | rElec Int+3 Dex+4}
 72086 | Vaults:5 | Identified the ring of the Dolphin {rPois EV+4 Str+6}
 72317 | Vaults:5 | Got Sif Muna's Tome of Doomed Cold
 72524 | Vaults:5 | Bought a potion of might for 48 gold pieces
 72524 | Vaults:5 | Bought a potion of might for 48 gold pieces
 73414 | Spider:4 | Noticed Arachne
 73664 | Spider:3 | Killed Arachne
 74048 | Spider:4 | Noticed Roxanne
 74053 | Spider:4 | Killed Roxanne
 75617 | Spider:4 | Reached skill level 24 in Fighting
 75829 | Spider:4 | Got a gossamer rune of Zot
 75923 | Spider:4 | Identified the +9 great sword "Qilin" {vorpal, rC+ rN+}
 76298 | Zot:1    | Entered Level 1 of the Realm of Zot
 76307 | Zot:1    | Noticed an orb of fire
 76442 | Zot:1    | Gained mutation: Your spells are a little easier to cast,
                  | but a little less powerful. [an orb of fire]
 76443 | Zot:1    | Gained mutation: You are weak. (Str -2) [an orb of fire]
 76444 | Zot:1    | Killed an orb of fire
 77698 | Zot:2    | Reached skill level 25 in Fighting
 77851 | Zot:2    | Reached skill level 10 in Earth Magic
 77865 | Zot:2    | Found a runed translucent door.
 77865 | Zot:2    | Noticed Pax Tuynn's ghost (legendary GrIE)
 79410 | Zot:2    | Reached skill level 10 in Transmutations
 79439 | Zot:1    | Learned a level 7 spell: Dragon Form
 79590 | Zot:3    | Noticed an orb of fire
 79590 | Zot:3    | Gained mutation: You are frail. (-10% HP) [an orb of fire]
 79590 | Zot:3    | Gained mutation: You are dopey. (Int -2) [an orb of fire]
 79594 | Zot:3    | Killed an orb of fire
 79604 | Zot:2    | Lost mutation: You are frail. (-10% HP) [potion of
                  | mutation]
 79604 | Zot:2    | Lost mutation: Your spells are a little easier to cast, but
                  | a little less powerful. [potion of mutation]
 79604 | Zot:2    | Lost mutation: You are dopey. (Int -2) [potion of mutation]
 79604 | Zot:2    | Gained mutation: You are frail. (-10% HP) [potion of
                  | mutation]
 79604 | Zot:2    | Gained mutation: You tend to lose your temper in combat.
                  | [potion of mutation]
 79605 | Zot:2    | Lost mutation: You tend to lose your temper in combat.
                  | [potion of mutation]
 79605 | Zot:2    | Lost mutation: You are frail. (-10% HP) [potion of
                  | mutation]
 79605 | Zot:2    | Gained mutation: You tend to lose your temper in combat.
                  | [potion of mutation]
 79605 | Zot:2    | Gained mutation: You have large cloven feet. [potion of
                  | mutation]
 79605 | Zot:2    | Gained mutation: You are robust. (+10% HP) [potion of
                  | mutation]
 79606 | Zot:2    | Lost mutation: You tend to lose your temper in combat.
                  | [potion of mutation]
 79606 | Zot:2    | Lost mutation: You are weak. (Str -2) [potion of mutation]
 79606 | Zot:2    | Gained mutation: Your muscles are strong. (Str +2) [potion
                  | of mutation]
 79606 | Zot:2    | Gained mutation: You are agile. (Dex +2) [potion of
                  | mutation]
 79606 | Zot:2    | Gained mutation: Your muscles are very strong. (Str +4)
                  | [potion of mutation]
 79606 | Zot:2    | Gained mutation: Your flesh is cold resistant. (rC+)
                  | [potion of mutation]
 82404 | Zot:4    | Reached skill level 10 in Necromancy
 83564 | Zot:5    | Entered Level 5 of the Realm of Zot
 84745 | Zot:5    | Noticed a dread lich
 84769 | Zot:5    | Killed a dread lich
 85088 | Zot:5    | Noticed an ancient lich
 85095 | Zot:5    | Killed an ancient lich
 85546 | Zot:5    | Reached skill level 26 in Fighting
 85546 | Zot:5    | Noticed a dread lich
 85552 | Zot:5    | Killed a dread lich
 85553 | Zot:5    | Noticed an orb of fire
 85560 | Zot:5    | Killed an orb of fire
 85863 | Zot:5    | Noticed an orb of fire
 85876 | Zot:5    | Killed an orb of fire
 86267 | Zot:5    | Noticed an orb of fire
 86269 | Zot:5    | Gained mutation: You are dopey. (Int -2) [an orb of fire]
 86275 | Zot:5    | Gained mutation: Your magical capacity is low. (-10% MP)
                  | [an orb of fire]
 86276 | Zot:5    | Killed an orb of fire
 86276 | Zot:5    | Noticed an orb of fire
 86277 | Zot:5    | Reached skill level 27 in Fighting
 86280 | Zot:5    | Gained mutation: You sometimes lose the ability to read
                  | scrolls when taking damage. [an orb of fire]
 86284 | Zot:5    | Killed an orb of fire
 86284 | Zot:5    | Noticed an orb of fire
 86287 | Zot:5    | Killed an orb of fire
 86292 | Zot:5    | Noticed an ancient lich
 86295 | Zot:5    | Killed an ancient lich
 86519 | Zot:5    | Lost mutation: You have large cloven feet. [potion of
                  | mutation]
 86519 | Zot:5    | Lost mutation: You are robust. (+10% HP) [potion of
                  | mutation]
 86519 | Zot:5    | Gained mutation: You are covered in fur. (AC +1) [potion of
                  | mutation]
 86520 | Zot:5    | Lost mutation: Your magical capacity is low. (-10% MP)
                  | [potion of mutation]
 86520 | Zot:5    | Lost mutation: You are dopey. (Int -2) [potion of mutation]
 86520 | Zot:5    | Gained mutation: Your flesh is heat resistant. (rF+)
                  | [potion of mutation]
 86521 | Zot:5    | Lost mutation: Your flesh is heat resistant. (rF+) [potion
                  | of mutation]
 86521 | Zot:5    | Lost mutation: Your muscles are very strong. (Str +4)
                  | [potion of mutation]
 86521 | Zot:5    | Gained mutation: You have a pair of small horns on your
                  | head. [potion of mutation]
 86521 | Zot:5    | Gained mutation: You passively map a small area around you.
                  | [potion of mutation]
 88551 | Depths:2 | Bought a potion of heal wounds for 90 gold pieces
 88551 | Depths:2 | Bought a potion of might for 72 gold pieces
 89705 | Depths:2 | Bought a scroll of blinking for 262 gold pieces
 89960 | Zot:5    | Got the Orb of Zot
 90089 | Zot:2    | Noticed Lihuppui the pandemonium lord
 90259 | D:13     | Noticed Wangoimu the pandemonium lord
 90466 | D:3      | Noticed Juhear the pandemonium lord
 90574 | D:$      | Escaped with the Orb!

Illustrated notes

Levels and vault maps discovered:
D:1:      co_arrival_random_square_maze, layout_basic,
          ebering_ecumenical_altar_abandoned, chequers_mini_garden,
          minmay_hexomino_p4
D:2:      layout_basic
D:3:      layout_basic, portal_sewer_entry_f
D:4:      layout_rooms
D:5:      layout_loops_cross, serial_shops, nicolae_shop_crystal, uniq_ijyb
D:6:      layout_basic, mainiacjoe_overflow_paths,
          chequers_temple_overflow_statue_of_worship, minmay_temple_entry_grid,
          serial_shops, shop_statue, uniq_blork_the_orc
D:7:      cheibrodos_fzero, layout_basic, mainiacjoe_overflow_small_starburst,
          serial_shops, shop, hangedman_glass_teeth, nicolae_stop_n_shop_1,
          uniq_joseph, uniq_menkaure
D:8:      layout_rooms, zin_scriptorium
D:9:      layout_basic
D:10:     layout_irregular_city, nemelex_altar_shiori,
          grunt_lair_entry_orc_guard_hut, serial_shops, nicolae_shop_waterfront
D:11:     layout_rooms, minivault_10, uniq_urug
D:12:     layout_loops_ring, orc_0_dummy, enter_bailey_4
D:13:     layout_gridville, serial_shops, nicolae_lakefront_shop
D:14:     layout_rooms, ximxim_vaults_locker_room, gauntlet_entry_generic,
          serial_park_tiny_1
D:15:     gammafunk_depths_entry_grave, layout_stronghold, serial_shops,
          nicolae_shop_waterfront, shop, nicolae_shop_behind_doors, shop,
          serial_glass, glass_columns_a, glass_columns_a,
          nicolae_qazlal_style_of_elements, grunt_ministairs_10,
          nicolae_looking_at_the_future
Temple:   nicolae_temple_elliptical
Lair:1:   layout_roguey, grunt_megastairs_4
Lair:2:   layout_roguey, small_statue_intersection, hibernation_bobbens,
          grunt_megastairs_5, lemuel_fruit_fields
Lair:3:   layout_regular_city, elwin_shoals_entry_rocks,
          spider_nest_entry_web_field, infiniplex_staircase_pool, uniq_nergalle,
          uniq_gastronok
Lair:4:   layout_misc_corridors, grunt_megastairs_1, infiniplex_staircase_pool_2
Lair:5:   layout_layer_cave, beast_lair_carwin_2
Lair:6:   minmay_lair_end_frog_pond, layout_concentric_octagons, slime_dummy,
          chequers_serial_rivers_small_3, lemuel_oklob_altar
Shoals:1: argonaut_golden_fleece, layout_shoals
Shoals:2: nicolae_shoals_mermall, layout_shoals, nicolae_shoals_circle_sea_wall
Shoals:3: layout_shoals, nicolae_shoals_c_island
Shoals:4: shoals_end_hangedman, layout_shoals
Spider:1: layout_spider_delve
Spider:2: layout_spider_delve, portal_ice_cave_entry_dragon,
          hangedman_spider_trapstep
Spider:3: layout_spider_delve
Spider:4: grunt_spider_rune_parallel, hangedman_stitches_earthworm,
          uniq_arachne, uniq_roxanne
Orc:1:    layout_caves, basic_altar, uniq_snorg, uniq_fannar
Orc:2:    st_orc_elflike, layout_caves, serial_shops, nicolae_shop_stone,
          nicolae_shop_waterfront
Elf:1:    layout_gridlike, serial_shops, nicolae_shop_stone,
          nicolae_shop_crystal, nicolae_diamond_shop, nicolae_shop_statue_plus,
          nicolae_diamond_shop, minivault_28, minmay_shop_grove, uniq_azrael,
          uniq_nikola
Elf:2:    elven_hall_of_blades_hangedman_original
          [nicolae_blade_entry_antechamber], layout_onion_city, serial_shops,
          shop, shop
Elf:3:    minmay_elf_hall_circle, layout_rooms,
          nicolae_elf_free_trip_to_the_abyss
Vaults:1: nicolae_vaults_windows_and_doors_thing, v_rooms_6, dpeg_vaults_waves,
          v_pattern_2, vaults_standard_mumra_lines, nicolae_vaults_what_the_h,
          v_misc_26, nicolae_vaults_gold_heap, vaults_room_pools,
          grunt_vaults_hallway_long, layout_vaults_omnigrid
Vaults:2: blue_anna_dwarven_crypt, vaults_room_semicircle, v_misc_8,
          ontoclasm_vaults_claustrophobia, vaults_room_corners, v_misc_12,
          nicolae_vaults_back_hallway, vaults_dpeg_doors,
          vaults_room_semicircle, v_pattern_4, v_misc_12,
          nicolae_vaults_statue_guard, nicolae_vaults_shelves_hall,
          vaults_dpeg_diagonal, layout_vaults_ring
Vaults:3: vaults_mumra_hexcomb, serial_ice_g, vaults_mumra_minichess,
          nicolae_vaults_little_squares_6, grunt_vaults_focal,
          grunt_vaults_funnel, grunt_vaults_hallway_short,
          nicolae_vaults_murderbox, v_misc_28, dpeg_vaults_monster_box,
          vaults_room_door_ring, ontoclasm_vaults_chip,
          nicolae_vaults_little_squares_5, v_misc_23, vaults_mumra_chevron,
          vaults_room_large_hall, nicolae_vaults_diagonal_hallway_7, v_misc_25,
          layout_vaults_omnibox, serial_shops, nicolae_shop_behind_doors, shop
Vaults:4: vaults_room_boxed, vaults_room_door_ring,
          nicolae_vaults_an_arrangement, vaults_room_corners, vaults_mumra_hex,
          v_rooms_6, nicolae_vaults_little_squares_5, vaults_dpeg_hooks,
          nicolae_vaults_border_crossing, hangedman_vaults_capsules,
          ontoclasm_vaults_decontamination, layout_vaults_omnicross
Vaults:5
Depths:1: minmay_crescents, layout_basic, nicolae_twisting_strands,
          hangedman_geh_valley, minivault_16, evilmike_ruin_ashenzari
Depths:2: evilmike_iron_armoury, layout_cave_pools, hell_entry, serial_shops,
          nicolae_shop_crystal, nicolae_lakefront_shop, shop, shop,
          kennysheep_little_box, hangedman_abyss_or_decor_jellyfish_corner
Depths:3: evilmike_hourglass, layout_gridlike, chequers_serial_rivers_micro_e,
          rand_demon_pan_entry_4, gammafunk_ghost_cemetery,
          pf_hell_entry_tar_spiral, serial_sigils_hangedman_carve,
          grunt_dithmenos_smoke_and_mirrors, uniq_asterion
Depths:4: minmay_four_inscribed_fans, layout_small_grid,
          small_statue_intersection, hell_entry, abyss_entry,
          chequers_serial_rivers_small_3, kennysheep_generic_room_4,
          infiniplex_staircase_split_hallway, uniq_boris, uniq_enchantress
Depths:5: grunt_zot_entry_pinwheel, layout_cave_pools, enter_ziggurat_e,
          grunt_hell_entry_dis_grunt, lemuel_doored_altar, st_stairs_7,
          nicolae_lava_and_water, vehumet_statue, serial_bayou_shore_b,
          uniq_saint_roka, uniq_jory
Zot:1:    layout_twisted_circle, skrybe_zot_glass_1
Zot:2:    layout_misc_corridors, gammafunk_ghost_grave,
          st_single_dragon_hoard_1, evilmike_ambush
          [evilmike_ambush_outer_basic, evilmike_ambush_inner_basic]
Zot:3:    lemuel_draconian_sentries_small, layout_cellular_growth
Zot:4:    layout_gridlike
Zot:5:    layout_gridlike

Skill      XL: |  1  2  3  4  5  6  7  8  9 10 11 12 13 14 15 16 17 18 19 20 21 22 23 24 25 26 27 |
---------------+----------------------------------------------------------------------------------+-----
Summonings     | 5 6 7 8 9 |  9.0
Polearms       | 1 2 3 5 7 9 10 11 12 14 | 14.0
Spellcasting   | 3 4 5 6 8 10 12 14 15 16 19 20 24 | 24.0
Fighting       | 2 3 4 6 8 9 10 11 13 14 15 17 18 20 22 23 27 | 27.0
Air Magic      | 2 3 6 8 9 10 | 10.0
Shields        | 5 7 8 10 11 15 | 15.0
Invocations    | 2 4 6 8 10 12 14 15 16 | 16.0
Armour         | 2 6 8 9 10 11 12 13 15 16 | 16.7
Conjurations   | 3 5 7 15 17 | 17.2
Translocations | 5 6 |  6.0
Dodging        | 3 4 5 6 7 |  7.0
Poison Magic   | 1 5 |  5.0
Earth Magic    | 5 7 8 11 | 11.0
Necromancy     | 6 10 | 10.0
Transmutations | 5 7 11 | 11.0
Stealth        | |  1.7

Action                   |  1- 3 |  4- 6 |  7- 9 | 10-12 | 13-15 | 16-18 | 19-21 | 22-24 | 25-27 || total
-------------------------+-------+-------+-------+-------+-------+-------+-------+-------+-------++-------
Melee: Spear             |   128 |   144 |   266 |    87 |       |       |       |       |       ||   625
       Demon trident     |       |       |       |    94 |   417 |   907 |   990 |   732 |  1545 ||  4685
       Unarmed           |       |       |       |       |       |       |       |       |   260 ||   260
       Headbutt          |       |       |       |       |       |       |       |       |    41 ||    41
       Bite              |       |       |       |       |       |       |       |       |    39 ||    39
       Tailslap          |       |       |       |       |       |       |       |       |    38 ||    38
Throw: Stone             |       |     7 |       |       |       |       |       |       |       ||     7
       Javelin           |       |       |     1 |       |       |       |     5 |       |       ||     6
 Cast: Summon Small Mamm |    25 |       |       |       |       |       |       |       |       ||    25
       Call Imp          |     9 |    27 |    59 |     5 |       |       |       |       |       ||   100
       Call Canine Famil |    14 |    19 |    55 |    11 |     2 |       |       |       |       ||   101
       Summon Lightning  |       |       |    20 |    58 |    38 |    72 |    53 |    24 |    30 ||   295
       Airstrike         |       |       |       |   198 |   249 |   363 |   181 |   249 |   154 ||  1394
       Manifold Assault  |       |       |       |       |     4 |    13 |    28 |     2 |    84 ||   131
       Summon Forest     |       |       |       |       |       |    26 |    19 |    10 |    30 ||    85
       Passage of Golubr |       |       |       |       |       |     9 |       |    10 |     9 ||    28
       Blink             |       |       |       |       |       |     3 |     6 |       |     1 ||    10
       Lightning Bolt    |       |       |       |       |       |     3 |     1 |       |       ||     4
       Poisonous Vapours |       |       |       |       |       |     2 |    90 |    60 |   142 ||   294
       Olgreb's Toxic Ra |       |       |       |       |       |       |    34 |    35 |    42 ||   111
       Lee's Rapid Decon |       |       |       |       |       |       |     5 |    19 |    29 ||    53
       Frozen Ramparts   |       |       |       |       |       |       |    29 |    45 |    89 ||   163
       Borgnjor's Vile C |       |       |       |       |       |       |    10 |    95 |   161 ||   266
       Irradiate         |       |       |       |       |       |       |       |     6 |    25 ||    31
       Ignite Poison     |       |       |       |       |       |       |       |     6 |    14 ||    20
       Iron Shot         |       |       |       |       |       |       |       |    16 |   103 ||   119
       Dispersal         |       |       |       |       |       |       |       |       |     2 ||     2
       Dragon Form       |       |       |       |       |       |       |       |       |    28 ||    28
Invok: Bend Time         |       |       |       |     2 |       |       |     1 |       |     2 ||     5
       Slouch            |       |       |       |       |       |     1 |     2 |     3 |     4 ||    10
       Step From Time    |       |       |       |       |       |       |     1 |       |       ||     1
       Temporal Distorti |       |       |       |       |       |       |     1 |       |       ||     1
 Abil: Hop               |       |       |     2 |     5 |     2 |     4 |     1 |     5 |    16 ||    35
       End Transformatio |       |       |       |       |       |       |       |       |     4 ||     4
Evoke: Wand              |       |       |     3 |     1 |     1 |       |     1 |     1 |    22 ||    29
  Use: Scroll            |     6 |     4 |    11 |    13 |     6 |     5 |     6 |     3 |    24 ||    78
       Potion            |       |       |       |     4 |     1 |     1 |     6 |     1 |     9 ||    22
 Stab: Sleeping          |     5 |     2 |     1 |       |       |       |       |       |       ||     8
       Distracted        |       |     1 |     3 |     4 |    11 |    19 |    15 |    14 |    13 ||    80
       Held in net/web   |       |       |     1 |       |       |     1 |       |       |       ||     2
Armor: Robe              |    33 |    23 |    23 |       |       |       |       |       |       ||    79
       Leather armour    |       |       |    94 |    40 |       |       |       |       |       ||   134
       Chain mail        |       |       |       |    14 |   135 |   365 |   193 |   232 |   536 ||  1475
       Skin              |       |       |       |       |       |       |       |       |    69 ||    69
Dodge: Dodged            |    86 |    63 |   142 |    97 |   113 |   213 |   134 |   202 |   559 ||  1609
Block: Kite shield       |       |       |    82 |   150 |   271 |   666 |   391 |   411 |   959 ||  2930
